 Dungeon Crawl Stone Soup version 0.18-a0-1390-gc02854d (webtiles) character file.

764 M4edhros the Insei (level 7, -9/52 HPs)
             Began as a Mummy Monk on Feb 22, 2016.
             Killed from afar by an orc wizard (12 damage)
             ... with a puff of flame
             ... on level 6 of the Dungeon on Feb 23, 2016.
             The game lasted 00:12:20 (8990 turns).

M4edhros the Insei (Mummy Monk)                     Turns: 8990, Time: 00:12:20

Health: -9/52      AC:  2    Str: 15    XL:     7   Next: 51%
Magic:  7/7        EV: 13    Int:  9    God:
Gold:   287        SH:  0    Dex: 16    Spells: 0 memorised, 6 levels left

rFire  x . .     SeeInvis +       - Unarmed
rCold  + . .     Gourm    .     (no armour)
rNeg   + + +     Faith    .     (no shield)
rPois  ∞         Spirit   .     (no helmet)
rElec  .         Dismiss  .     e - +1 cloak
rCorr  .         Reflect  .     (no gloves)
SustAt .         Harm     .     (no boots)
MR     .....                    (no amulet)
Stlth  ++........               (no ring)
                                n - ring of see invisible

@: not resistant to hostile enchantments, unstealthy
A: no food or potions, fire vulnerability, cold resistance 1, negative energy
resistance 3, torment resistance, unbreathing
a: no special abilities


You were on level 6 of the Dungeon.
You were not hungry.

You visited 1 branch of the dungeon, and saw 6 of its levels.

You collected 287 gold pieces.

Inventory:

Missiles
 b - 3 curare-tipped needles
Armour
 e - a +1 cloak (worn)
Jewellery
 n - a ring of see invisible (left hand)
 r - an uncursed ring of ice
Wands
 q - a wand of lightning (13/15)
 t - a wand of enslavement (8/24)
 u - a wand of random effects (34/48)
Scrolls
 a - 2 scrolls of immolation
 f - 3 scrolls of teleportation {unknown}
 h - 3 scrolls of remove curse
 i - 2 scrolls of random uselessness
 k - a scroll of enchant weapon
 l - 2 scrolls of recharging {unknown}
 m - 2 scrolls of noise {unknown}
 o - a scroll of amnesia {unknown}
 p - a scroll of magic mapping {unknown}
Comestibles
 c - a beef jerky
 d - a slice of pizza
 g - 2 meat rations (quivered)
 j - 2 fruits
 s - a bread ration


   Skills:
 - Level 3.0 Fighting
 - Level 2.4 Dodging
 - Level 1.5 Stealth
 + Level 7.8 Unarmed Combat


You had 6 spell levels left.
You didn't know any spells.

Dungeon Overview and Level Annotations

Branches:
Dungeon (6/15)             Temple (0/1) D:4

Altars:
Elyvilon
Okawaru
Pakellas
Xom
Yredelemnul

Annotations:
D:1 Ijyb
D:3 psellion's ghost, amateur TeFE


Innate Abilities, Weirdness & Mutations

You do not eat or drink.
Your flesh is vulnerable to fire.
You are immune to poison.
Your flesh is cold resistant.
You are immune to negative energy.
You are immune to unholy pain and torment.
You can survive without breathing.


Message History

The orc wizard casts a spell at you. The puff of flame hits you!
The fire burns you terribly! The orc hits you with a dagger.
The orc wizard casts a spell at you.
You are confused.
You're too confused!
You can't drink.
You're too confused!
The orc wizard hits you with a dagger.
You bump into the rock wall.
The orc wizard hits you with a dagger.
The orc wizard gestures at you while chanting.
The magic dart hits you!
* * * LOW HITPOINT WARNING * * *
The orc wizard points at you and mumbles some strange words.
The magic dart hits you!
* * * LOW HITPOINT WARNING * * *
You feel less confused.
The orc wizard points at you and mumbles some strange words.
The puff of flame hits you! The fire burns you terribly!
You die...

.......[..........%..#.#
.......<.........##....##
#....#....).......o.o.....
..........##....####....%#
############.....###....##
##...oo.....##
####o......# #........#
#@..#....#
........#.#.....
.########.# .... .. #.#
### ..


You could see 2 orc wizards and an orc.

Vanquished Creatures
  A sky beast (D:5)
  A scorpion (D:4)
  2 crimson imps (D:5)
  A gnoll shaman (D:5)
  4 hounds
  2 orc wizards
  A giant frog skeleton (D:5)
  2 iguanas
  2 worker ants
  2 worker ant zombies (D:5)
  3 adders
  3 gnolls
  An ooze (D:1)
  6 worms
  A dart slug (D:3)
  5 giant geckos
  20 orcs
  6 giant cockroaches
  21 goblins
  8 hobgoblins
  3 jackals (D:4)
  6 kobolds
  A quokka (D:3)
  2 ball pythons
  3 bats
  4 giant newts
  8 rats
119 creatures vanquished.

Vanquished Creatures (others)
  2 orc wizards (D:5)
  3 gnolls (D:5)
  An adder (D:5)
  An orc (D:5)
  A giant cockroach (D:5)
8 creatures vanquished.

Grand Total: 127 creatures vanquished

Notes
Turn   | Place    | Note
--------------------------------------------------------------
     0 | D:1      | M4edhros the Mummy Monk began the quest for the Orb.
     0 | D:1      | Reached XP level 1. HP: 18/18 MP: 1/1
   403 | D:1      | Reached XP level 2. HP: 24/24 MP: 2/2
   986 | D:1      | Reached skill level 4 in Unarmed Combat
  1355 | D:1      | Reached XP level 3. HP: 19/29 MP: 3/3
  2171 | D:2      | Noticed Ijyb
  2447 | D:2      | Found a faded altar to an unknown god.
  2974 | D:2      | Reached XP level 4. HP: 14/35 MP: 4/4
  3931 | D:3      | Reached skill level 5 in Unarmed Combat
  4162 | D:3      | Reached XP level 5. HP: 15/41 MP: 5/5
  4255 | D:3      | Noticed psellion's ghost (amateur TeFE)
  4559 | D:4      | Reached skill level 6 in Unarmed Combat
  4813 | D:4      | Reached XP level 6. HP: 35/47 MP: 6/6
  5801 | D:3      | Found an oddly glowing altar of Pakellas.
  6322 | D:4      | Found an iron altar of Okawaru.
  6645 | D:4      | Found a staircase to the Ecumenical Temple.
  7016 | D:4      | Found a basalt altar of Yredelemnul.
  7165 | D:5      | Entered Level 5 of the Dungeon
  7170 | D:5      | Found a white marble altar of Elyvilon.
  7468 | D:5      | Reached skill level 7 in Unarmed Combat
  7468 | D:5      | Reached XP level 7. HP: 49/52 MP: 7/7
  8422 | D:5      | Found a shimmering altar of Xom.
  8990 | D:6      | Killed from afar by an orc wizard

Vault maps used:
D:1:      eino_arrival_cavern_b
D:2:      kennysheep_the_goblin_king, ecumenical_altar_1,
          guppyfry_early_lair_pool
D:3:      fedhas_altar_fruit_tree, lemuel_crystal_altar
D:4:      okawaru_altar_gauntlet_db, minmay_temple_entry_from_below_b,
          yredelemnul_altar_generic
D:5:      xom_confusion_cloud, overflow_temple_1_default, first_bread,
          serial_bayou_lagoon_a, serial_bayou_pond_d,
          hangedman_abyss_or_decor_stabs
D:6:      kennysheep_mini, serial_shops, nicolae_shop_behind_doors

Skill      XL: |  1  2  3  4  5  6 |
---------------+-------------------+-----
Unarmed Combat | 4 5 6 7 |  7.8
Fighting       | |  3.0
Dodging        | |  2.4
Stealth        | |  1.5

Action                   |  1- 3 |  4- 6 |  7- 9 || total
-------------------------+-------+-------+-------++-------
Melee: Unarmed           |   146 |   281 |   122 ||   549
  Use: Scroll            |       |     6 |       ||     6
 Stab: Sleeping          |     3 |     2 |       ||     5
       Distracted        |     2 |     1 |       ||     3
